 Dungeon Crawl Stone Soup version 0.17.2 (webtiles) character file.

25 ololoev the Covered (level 2, 0/24 HPs)
             Began as a Demonspawn Fighter on June 9, 2016.
             Slain by a giant gecko (2 damage)
             ... on level 3 of the Dungeon.
             The game lasted 00:02:32 (228 turns).

ololoev the Covered (Demonspawn Fighter)             Turns: 228, Time: 00:02:32

Health: 0/24       AC:  6    Str: 21    XL:     2   Next: 82%
Magic:  2/2        EV:  7    Int:  9    God:
Gold:   38         SH:  9    Dex: 12    Spells: 0 memorised, 1 level left

rFire  . . .     SeeInvis .     a - +0 war axe
rCold  . . .     Clarity  .     b - +0 scale mail
rNeg   + . .     SustAt   .     c - +0 shield
rPois  .         Gourm    .     (no helmet)
rElec  .         Spirit   .     (no cloak)
rCorr  .         Warding  +     (no gloves)
rMut   .         Stasis   .     (no boots)
MR     .....                    h - amulet of warding
Stlth  ..........               (no ring)
                                (no ring)

@: mighty, not resistant to hostile enchantments, extremely unstealthy
A: rot immunity
a: no special abilities


Innate Abilities, Weirdness & Mutations

You are immune to rotting.

Inventory:

Hand Weapons
 a - a +0 war axe (weapon)
Armour
 b - a +0 scale mail (worn)
 c - a +0 shield (worn)
Jewellery
 h - an amulet of warding (around neck)
Scrolls
 g - a scroll of teleportation {unknown}
 i - a scroll of enchant armour {unknown}
 j - 2 scrolls of identify {unknown}
Potions
 f - a potion of ambrosia {unknown}
 k - 2 potions of flight {unknown}
Comestibles
 e - 3 bread rations


   Skills:
 - Level 3.0 Fighting
 * Level 2.5 Axes
 + Level 3.1 Armour
 - Level 2.6 Shields


You had one spell level left.
You didn't know any spells.


You were on level 3 of the Dungeon.
You were not hungry.

You visited 1 branch of the dungeon, and saw 3 of its levels.

You collected 38 gold pieces.

... ... ... #.#
#.####### #####
#........
......#))....$.
......l@g......
.....##)#######
... .g# . #.##
#. #. #. #.

Notes
Turn   | Place    | Note
--------------------------------------------------------------
     0 | D:1      | ololoev the Demonspawn Fighter began the quest for the Orb.
     0 | D:1      | Reached XP level 1. HP: 18/18 MP: 1/1
   173 | D:2      | Gained mutation: You are immune to rotting. [demonic ancestry]
   173 | D:2      | Reached XP level 2. HP: 10/24 MP: 2/2
   222 | D:3      | Noticed Robin
   228 | D:3      | Slain by a giant gecko

Dungeon Overview and Level Annotations

Branches:
Dungeon (3/15)

Altars:

Annotations:
D:3 Robin


Message History

A giant gecko comes into view.
Unknown command.
Unknown command.
You hit the goblin.
You kill the goblin!
You hit the hobgoblin.
The hobgoblin is moderately wounded.
You slash the goblin!
You kill the goblin!
Robin roars a battlecry!
The goblins go into a battle-frenzy!
Unknown command.
You closely miss the hobgoblin. You hit the goblin.
You kill the goblin!
You barely miss the hobgoblin.
The hobgoblin is moderately wounded.
You closely miss the goblin. The goblin hits you but does no damage.
The hobgoblin hits you but does no damage.
Robin throws the goblin at you! The goblin hits you but does no damage.
You block the hobgoblin's attack. The goblin hits you. The goblin hits you.
The hobgoblin completely misses you. You block the hobgoblin's attack.
The giant gecko closely misses you.
Unknown command.
You slash the hobgoblin!
You kill the hobgoblin!
Your shield prevents you from hitting the goblin.
You slash the goblin!
You kill the goblin!
You slash the hobgoblin!
You kill the hobgoblin!
You closely miss the giant gecko. You block the giant gecko's attack.
The goblin hits you.
The giant gecko bites you but does no damage.
Unknown command.
Unknown command.
You barely miss the hobgoblin. You closely miss the giant gecko.
You slash the goblin!
You kill the goblin!
The giant gecko bites you.
You die...

You could see Robin, a giant gecko and a hobgoblin (frenzied).

Vanquished Creatures
  A bat (D:1)
  11 goblins
  3 hobgoblins
  2 giant newts
  4 jackals (D:2)
  A kobold (D:2)
  2 rats (D:1)
24 creatures vanquished.

Action                   || total
-------------------------++-------
Melee: War axe           ||    55
  Use: Potion            ||     1

Vault maps used:
D:1:      ncdulo_smallfort
D:2:      lemuel_upstairs_altar, old_standard_altar,
          nicolae_ru_great_annihilating_truth, nicolae_tso_swordbearing_angel,
          first_bread, kennysheep_path_1, minmay_cupped
D:3:      ecumenical_altar_2, xom_teletrap_fun, uniq_grinder, uniq_robin
